 Dungeon Sprint DCSS version 0.23-b1-84-g6588a6b (webtiles) character file.

Game seed: 4780771470811556059

161 EtherCrawl the Basher (level 5, -4/58 HPs)
             Began as a Troll Berserker on Feb 7, 2019.
             Was an Elder of Trog.
             Killed from afar by a deep elf mage (26 damage)
             ... with a bolt of lightning
             ... in the Dungeon (Sprint III: "The Ten Rune Challenge").
             The game lasted 00:01:13 (302 turns).

EtherCrawl the Basher (Troll Berserker)              Turns: 302, Time: 00:01:14

Health: -4/58      AC:  6    Str: 26    XL:     5   Next: 18%
Magic:  4/4        EV: 10    Int:  3    God:    Trog [****..]
Gold:   32         SH:  0    Dex:  9    Spells: 4/4 levels left

rFire    . . .     SeeInvis .   a - +0 mace
rCold    . . .     Gourm    +   (no shield)
rNeg     . . .     Faith    .   b - +0 animal skin
rPois    .         Spirit   .   (helmet restricted)
rElec    .         Reflect  .   (no cloak)
rCorr    .         Harm     .   (gloves unavailable)
MR       .....     NoTele   +   (boots unavailable)
Stlth    +.........             (no amulet)
HPRegen  0.59/turn              (no ring)
MPRegen  0.09/turn              (no ring)

@: berserk cooldown, slowed, very slow
A: large, unfitting armour, claws 3, fast metabolism 3, gourmand, regeneration
1, shaggy fur 1, tough skin 3
a: Berserk, Trog's Hand, Brothers in Arms, Renounce Religion


You were in the Dungeon.
You worshipped Trog.
Trog was greatly pleased with you.
You were near starving.

You visited 1 branch You collected 32 gold pieces.

Inventory:

Hand Weapons
 a - a +0 mace (weapon)
Armour
 b - a +0 animal skin (worn)
Scrolls
 i - a scroll of blinking
 j - a scroll of fog {unknown}
 k - a scroll of holy word {unknown}
 l - a scroll of enchant armour {unknown}
 m - 2 scrolls of remove curse {unknown}
 n - a scroll of immolation {unknown}
 o - a scroll of identify {unknown}
Potions
 d - 2 potions of curing
 e - 2 potions of heal wounds
 f - a potion of haste
 g - 2 potions of magic
 h - a potion of berserk rage
 p - a potion of flight {unknown}
 q - 4 potions of mutation
Comestibles
 c - 3 rations


   Skills:
 + Level 5.6 Fighting
 * Level 8.4 Maces & Flails
 - Level 2.4 Dodging


You had 4 spell levels left.
You didn't know any spells.
Your spell library was empty.

Dungeon Overview and Level Annotations

Branches:
Dungeon (1/1)

Altars:
Elyvilon
Kikubaaqudgha
Sif Muna
Vehumet
Zin
The Shining One


Innate Abilities, Weirdness & Mutations

You are too large for most types of armour.
You have claws for hands.
Your metabolism is lightning-fast.
You like to eat raw meat.
Your natural rate of healing is unusually fast.
You are covered in fur. (AC +1)
You have extremely tough skin. (AC +3)


Message History

The deep elf mage closely misses you.
You miss the deep elf mage.
The deep elf mage is heavily wounded.
The deep elf mage hits you with a +1 long sword of holy wrath!
You hit the deep elf mage.
The deep elf mage is heavily wounded.
The deep elf mage barely misses you.
You hit the deep elf mage.
The deep elf mage is severely wounded.
The deep elf mage misses you.
The deep elf mage hits you but does no damage.
You closely miss the deep elf mage.
The deep elf mage is heavily wounded.
The deep elf mage casts a spell at you. The bolt of lightning misses you.
The bolt of lightning hits you!!
You closely miss the deep elf mage.
The deep elf mage is heavily wounded.
The deep elf mage casts a spell at you. The bolt of lightning misses you.
The bolt of lightning hits you!!
You die...

▓▓▓▓▓▓▓▓ ▓▓▓ .'.....♣♣
♣.##### .#....♣.♣
♣♣.#___# ##....♣.♣
♣..#...#
.#....≈♣♣♣♣..###@#+###+##
.#...≈≈♣..♣♣.#..e.......#
.#..≈≈≈≈..♣♣.'.⌠........#
'#..≈≈≈≈≈≈.♣.#...######+#
)#.≈≈≈≈≈≈....#.⌠.#
.#.≈≈≈≈≈.....#...#
.#.≈≈≈.......#)###
##...........#.::#
.............#___#


You could see a deep elf mage.

Vanquished Creatures
  A water elemental (D)
  A wizard (D)
  Jessica (D)
  A kobold demonologist (D)
  A human (D)
  2 oozes (D)
  A phantom (D)
  A rat (D)
9 creatures vanquished.

Vanquished Creatures (others)
  2 draconian scorchers (D)
  A hydra (D)
  2 yaktaurs (D)
  5 hellions (D)
  5 plants (D)
15 creatures vanquished.

Grand Total: 24 creatures vanquished

Notes
Turn   | Place    | Note
-------+----------+-------------------------------------------
     0 | D        | EtherCrawl the Troll Berserker began the quest for the Orb.
     0 | D        | Reached XP level 1. HP: 22/22 MP: 0/0
     9 | D        | Reached skill level 3 in Maces & Flails
    11 | D        | Reached skill level 4 in Maces & Flails
    11 | D        | Reached XP level 2. HP: 26/31 MP: 1/1
    22 | D        | Noticed Jessica
    29 | D        | Killed Jessica
    29 | D        | Reached ** piety under Trog
    29 | D        | Reached skill level 5 in Maces & Flails
    29 | D        | Reached XP level 3. HP: 39/39 MP: 2/2
    70 | D        | Killed a yaktaur
    70 | D        | Killed a hellion
    71 | D        | Killed a hellion
    72 | D        | Killed a hellion
    99 | D        | Killed a hellion
   102 | D        | Killed a white draconian scorcher
   107 | D        | Killed a hellion
   110 | D        | Reached skill level 6 in Maces & Flails
   128 | D        | Killed a white draconian scorcher
   139 | D        | Killed an eight-headed hydra
   157 | D        | Reached *** piety under Trog
   191 | D        | Noticed a water elemental
   192 | D        | Killed a yaktaur
   198 | D        | Killed a water elemental
   198 | D        | Reached skill level 5 in Fighting
   198 | D        | Reached skill level 7 in Maces & Flails
   198 | D        | Reached XP level 4. HP: 38/50 MP: 3/3
   236 | D        | Found a radiant altar of Vehumet.
   236 | D        | Found a deep blue altar of Sif Muna.
   236 | D        | Found an ancient bone altar of Kikubaaqudgha.
   236 | D        | Noticed a wizard
   244 | D        | Killed a wizard
   244 | D        | Reached skill level 8 in Maces & Flails
   244 | D        | Reached XP level 5. HP: 57/57 MP: 4/4
   247 | D        | Reached **** piety under Trog
   280 | D        | Found a glowing silver altar of Zin.
   280 | D        | Found a glowing golden altar of the Shining One.
   280 | D        | Found a white marble altar of Elyvilon.
   281 | D        | Noticed a deep elf mage
   302 | D        | Killed from afar by a deep elf mage

Skill      XL: |  1  2  3  4 |
---------------+-------------+-----
Maces & Flails | 4 5 7 8 |  8.4
Fighting       | 3 5 |  5.6
Dodging        | |  2.4

Action                   |  1- 3 |  4- 6 || total
-------------------------+-------+-------++-------
Melee: Mace              |    31 |    22 ||    53
Invok: Berserk           |     3 |     2 ||     5
  Eat: Ration            |       |     1 ||     1
Armor: Animal skin       |    13 |     3 ||    16
Dodge: Dodged            |    15 |     8 ||    23
